 Dungeon Crawl Stone Soup version 0.30.1-11-g7821555f0a (webtiles) character file.

Game seed: 17203806182815459395

176 H0rd4k the Ducker (level 5, 0/40 HPs)
             Began as a Human Artificer on Nov 30, 2023.
             Was an Initiate of Gozag.
             Slain by an orc
             ... wielding a +0 dagger
              (4 damage)
             ... on level 3 of the Dungeon.
             The game lasted 00:03:26 (2625 turns).

H0rd4k the Ducker (Human Artificer)                 Turns: 2625, Time: 00:03:27

Health: 0/40       AC:  4    Str: 12    XL:     5   Next: 86%
Magic:  5/5        EV: 12    Int: 13    God:    Gozag
Gold:   188        SH:  0    Dex: 14    Spells: 4/4 levels left

rFire   . . .        v - +2 dagger (speed)
rCold   . . .        (no shield)
rNeg    . . .        b - +0 leather armour
rPois   .            (no helmet)
rElec   .            (no cloak)
rCorr   .            m - +0 pair of gloves
SInv    .            (no boots)
Will    .....        (no amulet)
Stlth   +            (no ring)
HPRegen 0.26/turn    (no ring)
MPRegen 0.09/turn

%: no passive effects
@: no status effects
A: no striking features
a: Renounce Religion, Potion Petition, Call Merchant, Bribe Branch


You were on level 3 of the Dungeon.
You worshipped Gozag.
Gozag was aware of your devotion.
You visited 1 branch of the dungeon, and saw 3 of its levels.

You collected 219 gold pieces.
You paid 31 gold pieces to Gozag.

Inventory:

Hand Weapons
 v - a +2 dagger of speed (weapon)
Missiles
 u - 2 throwing nets
Armour
 b - a +0 leather armour (worn)
 m - a +0 pair of gloves (worn)
Jewellery
 k - a ring of ice
Wands
 c - a wand of flame (11) (quivered)
 d - a wand of charming (6)
 e - a wand of iceblast (5)
Scrolls
 a - 2 scrolls of identify {unknown}
 g - a scroll of blinking {unknown}
 h - a scroll of teleportation {unknown}
 i - a scroll of torment {unknown}
 j - a scroll of magic mapping {unknown}
 l - a scroll of enchant armour {unknown}
 n - a scroll of immolation {unknown}
 p - 2 scrolls of noise {unknown}
 s - a scroll of butterflies {unknown}
 t - a scroll of amnesia {unknown}
Potions
 f - a potion of might {unknown}
 q - 2 potions of flight {unknown}
 r - 2 potions of experience {unknown}
 w - a potion of magic {unknown}


   Skills:
 + Level 2.8 Fighting
 + Level 1.9 Short Blades
 - Level 1.7 Maces & Flails
 - Level 2.0 Armour
 + Level 3.2 Dodging
 - Level 1.0 Stealth
 - Level 3.0 Evocations


You had 4 spell levels left.
You didn't know any spells.
Your spell library contained the following spells:

 Spells                   Type           Power      Damage    Failure   Level
 Ensorcelled Hibernation  Hex/Ice        0%         N/A       52%         2
 Passwall                 Tmut/Erth      0%         N/A       52%         2
 Frozen Ramparts          Ice            0%         1d1       75%         3
 Swiftness                Air            0%         N/A       75%         3
 Ice Form                 Ice/Tmut       0%         N/A       98%         4
 Summon Ice Beast         Ice/Summ       0%         N/A       98%         4
 Fireball                 Conj/Fire      0%         3d3       100%        5
 Iskenderun's Battlesphe  Conj           0%         2d6       100%        5
 Conjure Ball Lightning   Conj/Air       0%         3x3d6     100%        6
 Orb of Destruction       Conj           0%         9d5       100%        7


Dungeon Overview and Level Annotations

Branches:
Dungeon (3/15)

Altars:
Gozag
Makhleb


Message History

The orc hits you with a +0 dagger.
The orc wizard gestures wildly while chanting.
The orc wizard flickers and vanishes!
Something hits you but does no damage. The orc hits you with a +0 club.
Something hits you.
You closely miss something.
The orc is distracted by your dazzling golden aura.
Something hits you but does no damage. x2; The orc hits you with a +0 club.
Something hits you but does no damage.
The orc shouts!
Unknown command.
You completely miss something.
You feel less confused.
Aiming: Charm
Press: ? - help, Shift-Dir - straight line You detect the charmed orc wizard.
Reactivating autopickup.
Something completely misses you. Something hits you.
* * * LOW HITPOINT WARNING * * *
Deactivating autopickup; reactivate with Ctrl-A.
The orc barely misses you.
Aiming: Charm
Press: ? - help, Shift-Dir - straight line Nothing appears to happen.
The orc is no longer distracted by gold.
The orc is distracted by your dazzling golden aura.
The orc hits you with a +0 dagger.
* * * LOW HITPOINT WARNING * * *
Something hits you but does no damage.
You hear some strange, mumbled words.
A puff of flame appears from out of thin air!
The puff of flame hits you.
* * * LOW HITPOINT WARNING * * *
The orc hits you but does no damage.
Aiming: Charm
Press: ? - help, Shift-Dir - straight line You detect the charmed orc wizard.
Reactivating autopickup.
The orc hits you with a +0 dagger.
You die...
Your body crumbles into a pile of gold.

#.#.#.......###### ###
#.#.#.............# ..#
#.#.#####..#####.## ..#
#........#### ..# .
#...........# ..#####..
#...........# .........
#...........# .........
#oo..$......# .........
#@oo........# .........
#o{.##.##...# )########
#o..#...#...# .######
###...♣.#####
.#....##############....#
[#................ ##...#
.'................#.#....
##..........≈§≈...#.##....
#.........§≈§≈§....##.>.♣.


You could see 4 orcs and 2 friendly orc wizards.

Vanquished Creatures
  2 orc wizards (D:3)
  Robin (D:3)
  An adder (D:2)
  A worm (D:3)
  A dart slug (D:1)
  13 orcs (D:3)
  4 endoplasms (D:1)
  4 giant cockroaches
  7 goblins
  11 hobgoblins
  4 jackals (D:3)
  5 quokkas
  5 ball pythons
  6 bats
  2 frilled lizards (D:1)
  8 kobolds
  A rat (D:1)
76 creatures vanquished.

Vanquished Creatures (collateral kills)
  2 orcs (D:3)
2 creatures vanquished.

Vanquished Creatures (others)
  An orc wizard (D:3)
1 creature vanquished.

Grand Total: 79 creatures vanquished

Notes
Turn   | Place    | Note
-------+----------+-------------------------------------------
     0 | D:1      | H0rd4k the Human Artificer began the quest for the Orb.
     0 | D:1      | Reached XP level 1. HP: 15/15 MP: 1/1
   103 | D:1      | Found a faded altar of an unknown god.
   165 | D:1      | Reached XP level 2. HP: 20/21 MP: 2/2
   430 | D:1      | Reached XP level 3. HP: 12/26 MP: 3/3
   431 | D:1      | Reached skill level 1 in Maces & Flails
  1010 | D:2      | Reached XP level 4. HP: 32/33 MP: 4/4
  1761 | D:3      | Found a burning altar of Makhleb.
  1943 | D:3      | Reached skill level 1 in Short Blades
  1943 | D:3      | Reached XP level 5. HP: 18/39 MP: 5/5
  2094 | D:3      | Found an opulent altar of Gozag.
  2101 | D:3      | Became a worshipper of Gozag Ym Sagoz the Greedy
  2407 | D:3      | Noticed Robin
  2428 | D:3      | Killed Robin
  2625 | D:3      | Slain by an orc

Illustrated notes

Levels and vault maps discovered:
D:1:      tarquinn_simple_flora_water_b, layout_rooms,
          hellmonk_ecumenical_altar_pennies_from_heaven
D:2:      layout_basic
D:3:      layout_basic, mainiacjoe_overflow_catwalk, grunt_gozag_statues,
          grunt_ministairs_13, uniq_robin

Skill      XL: |  1  2  3  4  5 |
---------------+----------------+-----
Dodging        | 2 3 |  3.2
Maces & Flails | 1 |  1.7
Fighting       | 2 |  2.8
Short Blades   | 1 |  1.9
Armour         | |  2.0
Stealth        | |  1.0
Evocations     | |  3.0

Action                     |  1- 3 |  4- 6 || total
---------------------------+-------+-------++-------
  Melee: Club              |    84 |       ||    84
         Whip              |    46 |     6 ||    52
         Dagger            |       |   197 ||   197
         Punch             |       |     2 ||     2
  Evoke: Wand              |     2 |    11 ||    13
    Use: Potion            |       |     1 ||     1
   Stab: Distracted        |       |     1 ||     1
 Armour: Leather armour    |    63 |    37 ||   100
  Dodge: Dodged            |   113 |    87 ||   200
